[Event "December 19 Early 2023"]
[Site "https://www.chess.com"]
[Date "2023.12.19"]
[Round "5"]
[White "Thorfinnsson, Bragi"]
[Black "Liu, Casper"]
[Result "1-0"]
[Board "110"]
[TimeControl "180+1"]
[WhiteFideId "2300958"]
[BlackFideId "1454153"]
[WhiteElo "2325"]
[BlackElo "2221"]
[WhiteTeam "ISL"]
[BlackTeam "DEN"]
[WhiteClock "0:00:11"]
[BlackClock "0:00:20"]

1. b3 f5 2. Bb2 Nf6 3. c4 g6 4. Bxf6 exf6 5. Nc3 f4 6. h4 Bg7 7. h5 O-O 8. hxg6 hxg6 9. Qc2 f5 10. Nf3 Nc6 11. O-O-O a5 12. d4 g5 13. e4 g4 14. Ne5 Nxd4 15. Rxd4 Bxe5 16. exf5 Qe7 17. Nd5 Qa3+ 18. Kd1 Bxd4 19. f6 Kf7 20. Qh7+ Ke6 21. Nxc7+ Kd6 22. Nb5+ Kc6 23. Nxa3 Rxf6 24. Qe4+ Kc7 25. Qxd4 1-0

[Event "December 19 Early 2023"]
[Site "https://www.chess.com"]
[Date "2023.12.19"]
[Round "5"]
[White "Uritsky, Yonathan"]
[Black "Burovic, Rijad"]
[Result "1/2-1/2"]
[Board "111"]
[TimeControl "180+1"]
[WhiteFideId "2825651"]
[BlackFideId "14407701"]
[WhiteElo "2168"]
[BlackElo "2384"]
[WhiteTeam "ISR"]
[BlackTeam "BIH"]
[WhiteClock "0:00:04"]
[BlackClock "0:00:03"]

1. Nf3 g6 2. g3 Bg7 3. Bg2 d6 4. O-O e5 5. c4 Nc6 6. Nc3 f5 7. d3 Nf6 8. Rb1 O-O 9. b4 h6 10. b5 Ne7 11. a4 Be6 12. Ne1 Rb8 13. Ba3 g5 14. Nc2 a5 15. bxa6 bxa6 16. Nb4 c5 17. Nc6 Nxc6 18. Bxc6 Qa5 19. Qc2 Qc7 20. Bg2 Rxb1 21. Rxb1 Rb8 22. Rb3 Bf8 23. Qb2 Rxb3 24. Qxb3 Qa5 25. Bc1 Qb4 26. Qc2 Be7 27. Bd2 Qb6 28. Nd5 Nxd5 29. cxd5 Bd7 30. h3 Bd8 31. Bf3 Kg7 32. g4 f4 33. Be4 Qb7 34. a5 Qb5 35. Qc3 Qb1+ 36. Kg2 Bb5 37. h4 Qd1 38. hxg5 Qxe2 39. gxh6+ Kxh6 40. Bxf4+ Kg7 41. Bf5 Bf6 42. Qd2 Qxd2 43. Bxd2 Bd8 44. Kf3 Be7 45. Ke4 Be8 46. g5 Bb5 47. f4 exf4 48. Bc3+ Kg8 49. Kxf4 Bf8 50. Be6+ Kh7 51. Kf5 Bg7 52. Bxg7 Kxg7 53. Ke4 Kg6 54. d4 c4 55. Kf4 Ba4 56. Bf5+ Kg7 57. g6 c3 58. Ke3 Kf6 59. Be4 Bb5 60. Bc2 Bc4 61. Ke4 Be2 62. Ke3 Bf1 63. Bb1 Bb5 64. Be4 Ba4 65. Bf5 Bb3 66. Kd3 c2 67. Kd2 Ba4 68. Bxc2 Bxc2 69. Kxc2 Kxg6 70. Kd3 Kf5 71. Ke3 Kg4 72. Ke4 Kg5 73. Ke3 Kg4 74. Ke4 Kg5 75. Ke3 Kg4 1/2-1/2

[Event "December 19 Early 2023"]
[Site "https://www.chess.com"]
[Date "2023.12.19"]
[Round "5"]
[White "Antunez Soler, Luis"]
[Black "Bowden, Karl"]
[Result "1-0"]
[Board "112"]
[TimeControl "180+1"]
[WhiteFideId "3513335"]
[BlackFideId "400548"]
[WhiteElo "2154"]
[BlackElo "2438"]
[WhiteTeam "CUB"]
[BlackTeam "ENG"]
[WhiteClock "0:00:18"]
[BlackClock "0:00:00"]

1. e4 e5 2. Nf3 d5 3. Nxe5 Bd6 4. d4 dxe4 5. Qe2 Bxe5 6. dxe5 Bf5 7. Nc3 Ne7 8. h4 Nbc6 9. Be3 Nxe5 10. Qb5+ N5c6 11. Rd1 Qc8 12. h5 a6 13. Qc5 h6 14. Be2 O-O 15. O-O Qe6 16. Bc4 Qf6 17. Nd5 Nxd5 18. Bxd5 Bg4 19. Rb1 Bxh5 20. Bxc6 Be2 21. Rfe1 Bf3 22. gxf3 exf3 23. Bxf3 Qxf3 24. Qxc7 Rac8 25. Qg3 Qh5 26. Bd4 f6 27. Re7 Rf7 28. Rbe1 Rcf8 29. Rxf7 Rxf7 30. Re8+ Kh7 31. Qd3+ f5 32. Bc3 Qg4+ 33. Kf1 Qf4 34. Qd8 Qc1+ 35. Be1 Qf4 36. Rh8+ Kg6 37. Qe8 Qc4+ 38. Qe2 Qh4 39. Qf3 Qc4+ 40. Qd3 Qg4 41. Re8 Rf6 42. Re3 Kh7 43. Rg3 Qf4 44. Bc3 Rf7 45. Qd4 Qc7 46. Qd5 Qe7 47. Rf3 1-0

[Event "December 19 Early 2023"]
[Site "https://www.chess.com"]
[Date "2023.12.19"]
[Round "5"]
[White "Gutierrez Olivares, Daniel"]
[Black "Weishaeutel, Moritz"]
[Result "0-1"]
[Board "113"]
[TimeControl "180+1"]
[WhiteFideId "2264005"]
[BlackFideId "12967300"]
[WhiteElo "2317"]
[BlackElo "2321"]
[WhiteTeam "ESP"]
[BlackTeam "GER"]
[WhiteClock "0:00:00"]
[BlackClock "0:00:04"]

1. Nf3 Nf6 2. g3 g6 3. Bg2 Bg7 4. c4 c6 5. O-O O-O 6. b3 d5 7. Bb2 Re8 8. d3 Nbd7 9. Nc3 e5 10. cxd5 cxd5 11. Rc1 Nb8 12. e4 d4 13. Nb5 Nc6 14. a4 Bh6 15. Rc2 Be6 16. Re2 Qb6 17. Nd2 Bxd2 18. Qxd2 Bxb3 19. Qg5 Qd8 20. Ba3 Nd7 21. Qh6 Qf6 22. Nc7 Bxa4 23. f4 Qg7 24. Qh3 f6 25. Bf3 Rac8 26. Nxe8 Rxe8 27. Bg4 Nf8 28. Bxf8 Rxf8 29. Bd7 Bb5 30. fxe5 Bxd3 31. Qe6+ Qf7 32. Rxf6 Qxe6 33. Bxe6+ Kg7 34. Ref2 Re8 35. Rf7+ Kh6 36. Bd7 Rxe5 37. Bxc6 bxc6 38. Rxa7 Bxe4 39. Rff7 g5 40. h4 gxh4 41. gxh4 d3 42. Rf6+ Kh5 43. Rd6 Bd5 44. Rxh7+ Kg4 45. Ra7 d2 46. Ra1 Re1+ 47. Kf2 Rxa1 0-1

[Event "December 19 Early 2023"]
[Site "https://www.chess.com"]
[Date "2023.12.19"]
[Round "5"]
[White "Spichkin, Alexander"]
[Black "Melian, Juan Sebastian"]
[Result "0-1"]
[Board "114"]
[TimeControl "180+1"]
[WhiteFideId "4144074"]
[BlackFideId "3706575"]
[WhiteElo "1955"]
[BlackElo "2098"]
[WhiteTeam "RUS"]
[BlackTeam "PAR"]
[WhiteClock "0:00:14"]
[BlackClock "0:01:40"]

1. f4 d6 2. Nf3 g6 3. d3 Bg7 4. e4 c5 5. Be2 Nc6 6. O-O Bg4 7. Nc3 e6 8. Qe1 Nge7 9. Qg3 h5 10. h3 Bxf3 11. Bxf3 Nd4 12. Bd1 h4 13. Qf2 Qd7 14. Ne2 O-O-O 15. c3 Nxe2+ 16. Bxe2 Kb8 17. Be3 f5 18. Rab1 Qa4 19. b4 c4 20. dxc4 fxe4 21. Bd1 Qa3 22. Rb3 Qa6 23. Be2 Nf5 24. c5 Qxa2 25. Bg4 Qxb3 26. cxd6 a6 27. Bxf5 gxf5 28. Bc5 Qxc3 29. Rb1 Rc8 30. d7 Rxc5 31. Rd1 Rd5 32. Rxd5 exd5 0-1

[Event "December 19 Early 2023"]
[Site "https://www.chess.com"]
[Date "2023.12.19"]
[Round "5"]
[White "Melikhov, Evgeny V."]
[Black "Rojas Alarcon, Julian Antonio"]
[Result "1/2-1/2"]
[Board "115"]
[TimeControl "180+1"]
[WhiteFideId "4122046"]
[BlackFideId "5107407"]
[WhiteElo "2165"]
[BlackElo "2340"]
[WhiteTeam "GRE"]
[BlackTeam "MEX"]
[WhiteClock "0:00:02"]
[BlackClock "0:00:05"]

1. d4 Nf6 2. c4 g6 3. Nc3 d5 4. Nf3 Bg7 5. e3 c5 6. Be2 cxd4 7. exd4 Nc6 8. O-O O-O 9. Re1 Bg4 10. cxd5 Nxd5 11. h3 Bf5 12. Bg5 Ndb4 13. Rc1 h6 14. Be3 Rc8 15. Qd2 Kh7 16. d5 Na5 17. Nd4 Bxd4 18. Qxd4 Nc2 19. Qf4 Nxe3 20. fxe3 b6 21. e4 Bd7 22. e5 Nb7 23. Rcd1 Nc5 24. Bg4 Bxg4 25. hxg4 Qd7 26. g5 h5 27. d6 Rcd8 28. Nd5 Ne6 29. Qe3 Rfe8 30. dxe7 Qxd5 31. Rxd5 Rxd5 32. Qe2 Rxe7 33. Rd1 Red7 34. Rxd5 Rxd5 35. Qf3 Rd7 36. Qe3 Kg8 37. a4 Rd4 38. a5 bxa5 39. Qc3 a4 40. Qc8+ Kg7 41. Qb7 Nxg5 42. Qxa7 Ne6 43. Qb7 h4 44. Qb5 Rf4 45. Qd5 g5 46. Kh2 Rb4 47. Qd6 Rxb2 48. Qe7 Rf2 49. Qa7 Rf4 50. g3 hxg3+ 51. Kxg3 Re4 52. Kf3 Rb4 53. Qa5 Rb3+ 54. Kg4 a3 55. Kf5 Rf3+ 56. Kg4 Rf4+ 57. Kg3 Rf5 58. Qxa3 Rxe5 59. Qc3 Kf6 60. Kg4 Nf4 61. Qa1 Nd5 62. Qb2 Ne3+ 63. Kh5 Nf5 64. Qa1 Ke6 65. Qa6+ Nd6 66. Qa2+ Ke7 67. Kg4 Kf6 68. Kf3 Re6 69. Qb2+ Kg6 70. Kg4 Ne4 71. Kf3 Nf6 72. Qb1+ Kg7 73. Kg3 g4 74. Kh4 Re5 75. Qc2 Rh5+ 76. Kg3 Rh3+ 77. Kf4 Rh5 78. Kg3 Rg5 79. Kh4 Rg6 80. Kg3 Ng8 81. Qc3+ Kf8 82. Qc8+ Kg7 83. Qc3+ Nf6 84. Qb2 Rg5 85. Qd2 Kg6 86. Qc2+ Rf5 87. Qb1 Kg5 88. Qc1+ Kg6 89. Qb1 Kg5 90. Qc1+ Kh5 91. Qh1+ Kg6 92. Qb1 1/2-1/2

[Event "December 19 Early 2023"]
[Site "https://www.chess.com"]
[Date "2023.12.19"]
[Round "5"]
[White "Kvaloy, Aksel Bu"]
[Black "Sahin, Sarp"]
[Result "0-1"]
[Board "116"]
[TimeControl "180+1"]
[WhiteFideId "1528815"]
[BlackFideId "51605066"]
[WhiteElo "2265"]
[BlackElo "1775"]
[WhiteTeam "NOR"]
[BlackTeam "TUR"]
[WhiteClock "0:00:13"]
[BlackClock "0:00:05"]

1. d4 Nf6 2. Nf3 e6 3. Bg5 d5 4. Nbd2 Be7 5. e3 c5 6. c3 Nc6 7. Bd3 O-O 8. O-O h6 9. Bf4 Bd6 10. Ne5 Qc7 11. Ndf3 Nd7 12. Bc2 Ndxe5 13. dxe5 Nxe5 14. Nxe5 Bxe5 15. Qd3 f5 16. Bg3 Bxg3 17. hxg3 a5 18. c4 dxc4 19. Qxc4 b5 20. Qc3 b4 21. Qd2 Ba6 22. Rfe1 Rad8 23. Qc1 Qe5 24. Bb3 Rd6 25. Bc4 Bb7 26. Qc2 Rfd8 27. Rad1 Be4 28. Qb3 Kh8 29. Rxd6 Rxd6 30. Rd1 Rxd1+ 31. Qxd1 Bxg2 32. Qd8+ Kh7 33. Bxe6 Qxe6 34. Kxg2 Qxa2 35. Qd7 Qb1 36. Qb5 Qc2 37. Qxa5 Qxb2 38. Qxc5 Qb1 39. f3 b3 40. e4 Qc2+ 41. Kh3 Qxc5 0-1

[Event "December 19 Early 2023"]
[Site "https://www.chess.com"]
[Date "2023.12.19"]
[Round "5"]
[White "Kahlert, Thomas"]
[Black "Manukian, Artak"]
[Result "0-1"]
[Board "117"]
[TimeControl "180+1"]
[WhiteFideId "4625242"]
[BlackFideId "13301373"]
[WhiteElo "2221"]
[BlackElo "2030"]
[WhiteTeam "GER"]
[BlackTeam "ARM"]
[WhiteClock "0:02:09"]
[BlackClock "0:01:08"]

1. c4 Nf6 2. Nc3 c5 3. Nf3 g6 4. g3 Bg7 5. Bg2 Nc6 6. O-O e5 7. d3 O-O 8. a3 a5 9. Rb1 d6 10. Ne1 Bg4 11. Nc2 Qd7 12. Ne3 Bh3 13. Ncd5 Nxd5 14. Nxd5 Bxg2 15. Kxg2 Rae8 16. e4 f5 17. f3 Nd4 18. Bd2 f4 19. g4 h5 20. h3 hxg4 21. hxg4 Kf7 22. Bxa5 Rh8 23. Rh1 Rxh1 24. Qxh1 Rh8 25. Qe1 Qa4 26. Bc3 Qc2+ 27. Bd2 Qxd3 28. Qf1 Qxd2+ 0-1

[Event "December 19 Early 2023"]
[Site "https://www.chess.com"]
[Date "2023.12.19"]
[Round "5"]
[White "Trost, Edvin"]
[Black "Mizzi, Jack"]
[Result "1-0"]
[Board "118"]
[TimeControl "180+1"]
[WhiteFideId "1729519"]
[BlackFideId "5602521"]
[WhiteElo "2385"]
[BlackElo "2127"]
[WhiteTeam "SWE"]
[BlackTeam "MLT"]
[WhiteClock "0:02:00"]
[BlackClock "0:01:12"]

1. e4 c6 2. f3 d5 3. d4 Qb6 4. Nc3 e5 5. dxe5 dxe4 6. fxe4 Bc5 7. Nf3 Bg4 8. Bc4 Bf2+ 9. Ke2 a5 10. Rf1 Bh4 11. h3 Qc5 12. Bxf7+ Kxf7 13. hxg4 Qc4+ 14. Qd3 Qxd3+ 15. cxd3 Be7 16. Ng5+ Kg6 17. Nf7 1-0

[Event "December 19 Early 2023"]
[Site "https://www.chess.com"]
[Date "2023.12.19"]
[Round "5"]
[White "Dowgird, Filip"]
[Black "Burmakin, Evgeniy"]
[Result "1-0"]
[Board "119"]
[TimeControl "180+1"]
[WhiteFideId "1121235"]
[BlackFideId "4163729"]
[WhiteElo "2248"]
[BlackElo "2106"]
[WhiteTeam "POL"]
[BlackTeam "RUS"]
[WhiteClock "0:00:12"]
[BlackClock "0:00:03"]

1. d4 Nf6 2. Bf4 g6 3. e3 Bg7 4. h3 O-O 5. Nf3 d6 6. c3 Re8 7. Be2 Nfd7 8. Bh2 e5 9. dxe5 dxe5 10. Na3 Nc6 11. Bb5 Qf6 12. Nc4 a6 13. Bxc6 Qxc6 14. Qe2 b6 15. O-O a5 16. Ncd2 Ba6 17. c4 Nc5 18. Rfd1 Rad8 19. Rac1 Nd3 20. Rb1 e4 21. Ne1 Nxb2 22. Rdc1 Nd3 23. Nxd3 exd3 24. Qd1 Bb7 25. Qf1 a4 26. Bf4 h6 27. Bg3 a3 28. Rb3 Bb2 29. Rd1 Qa4 30. Bxc7 Rc8 31. Bxb6 Ba6 32. Qxd3 Qc6 33. Bd4 Bxc4 34. Nxc4 Qxc4 35. Qxc4 Rxc4 36. Bxb2 axb2 37. Rxb2 Ra8 38. Rd7 Rc1+ 39. Kh2 Ra1 40. Rbb7 Rf8 41. Ra7 Kg7 42. h4 Kf6 43. Kg3 h5 44. Kf4 Ke6 45. e4 f6 46. Re7+ Kd6 47. Rg7 g5+ 48. hxg5 fxg5+ 49. Ke3 g4 50. Rg6+ Kc5 51. Rg5+ Kb6 52. Ra3 Rf1 53. Rf5 Re1+ 54. Kf4 Rf1 55. Kg3 Rxf5 56. exf5 h4+ 57. Kxh4 Rxf2 58. Kxg4 Rxg2+ 59. Kf4 Rf2+ 60. Ke5 Re2+ 61. Kf6 Kc6 62. Kf7 Kd6 63. f6 Rf2 64. Ra6+ Ke5 65. Ke7 Rc2 66. f7 Rc7+ 67. Ke8 Rc8+ 68. Kd7 Rf8 69. Ke7 Rxf7+ 70. Kxf7 1-0

[Event "December 19 Early 2023"]
[Site "https://www.chess.com"]
[Date "2023.12.19"]
[Round "5"]
[White "Jaque Gutierrez, Matias"]
[Black "Saravana, Krishnan P."]
[Result "0-1"]
[Board "120"]
[TimeControl "180+1"]
[WhiteFideId "3426980"]
[BlackFideId "5018382"]
[WhiteElo "2040"]
[BlackElo "2167"]
[WhiteTeam "CHI"]
[BlackTeam "IND"]
[WhiteClock "0:00:00"]
[BlackClock "0:01:35"]

1. Nf3 Nf6 2. c4 Nc6 3. g3 e5 4. Nc3 Bb4 5. Nd5 a5 6. Bg2 O-O 7. a3 Bc5 8. Nxf6+ Qxf6 9. d3 d6 10. O-O Qg6 11. e3 Ba7 12. Qe2 Bf5 13. Rd1 Qe6 14. b3 h6 15. Bb2 Bh3 16. Bh1 Kh8 17. Re1 f5 18. d4 Qf6 19. c5 Bg4 20. Qc4 Bxf3 21. Bxf3 e4 22. Bg2 dxc5 23. dxc5 Qxb2 24. Rad1 Qxa3 25. Rd5 Qb4 26. Qc2 Rad8 27. Red1 Rxd5 28. Rxd5 Qe1+ 29. Bf1 Nb4 0-1

[Event "December 19 Early 2023"]
[Site "https://www.chess.com"]
[Date "2023.12.19"]
[Round "5"]
[White "Balint, Vilmos"]
[Black "Fishchuk, Vladyslav"]
[Result "1-0"]
[Board "121"]
[TimeControl "180+1"]
[WhiteFideId "718050"]
[BlackFideId "34122117"]
[WhiteElo "2139"]
[BlackElo "2055"]
[WhiteTeam "HUN"]
[BlackTeam "UKR"]
[WhiteClock "0:00:44"]
[BlackClock "0:00:00"]

1. e4 e6 2. d4 d5 3. Nc3 Bb4 4. exd5 exd5 5. Bd3 Nf6 6. Ne2 O-O 7. O-O c6 8. f3 Be6 9. Bg5 h6 10. Bh4 Bd6 11. Bg3 Re8 12. Qd2 Bxg3 13. hxg3 Qd7 14. Nf4 Bf5 15. Rae1 Bxd3 16. Qxd3 Na6 17. g4 Qd6 18. Qd2 Nc7 19. Nd3 Ne6 20. Ne5 Nd7 21. Rf2 Nxe5 22. Rxe5 Qb4 23. Rfe2 Kf8 24. Kh2 Nxd4 25. Rxe8+ Rxe8 26. Rxe8+ Kxe8 27. Qe3+ Ne6 28. Qxa7 Qxb2 29. Na4 Ke7 30. Nb6 Kf6 31. Qxb7 Qxc2 32. Nd7+ Kg5 33. Ne5 f6 34. Qxc6 Qxc6 35. Nxc6 Kf4 36. a4 Ke3 37. a5 Nc5 38. Kg1 d4 39. Kf1 d3 40. Ke1 d2+ 41. Kd1 Na4 42. Kc2 Nc3 43. Kxc3 d1=Q 44. Nb4 Qe1+ 45. Kc4 Qc1+ 46. Kb5 Qc8 47. a6 Qb8+ 48. Kc5 Qa7+ 49. Kc6 Qa8+ 50. Kb6 Qb8+ 51. Kc5 Qc7+ 52. Nc6 Kd3 53. a7 Qb7 54. Kd6 1-0

[Event "December 19 Early 2023"]
[Site "https://www.chess.com"]
[Date "2023.12.19"]
[Round "5"]
[White "Cansun, Can Alp"]
[Black "Novikov, Evgenij"]
[Result "1-0"]
[Board "122"]
[TimeControl "180+1"]
[WhiteFideId "6390188"]
[BlackFideId "4125380"]
[WhiteElo "2031"]
[BlackElo "2242"]
[WhiteTeam "TUR"]
[BlackTeam "RUS"]
[WhiteClock "0:00:04"]
[BlackClock "0:00:00"]

1. d4 Nf6 2. c4 c5 3. d5 b5 4. cxb5 a6 5. f3 d6 6. e4 g6 7. Na3 Bg7 8. Ne2 axb5 9. Nxb5 Na6 10. Nec3 O-O 11. Be2 Nc7 12. O-O Ba6 13. Qc2 Nd7 14. a4 Bb7 15. Bd2 Na6 16. Na2 Ne5 17. Bc3 Bh6 18. Bd2 Bg7 19. f4 Nd7 20. Bc3 Nf6 21. Kh1 Bc8 22. h3 h5 23. b4 Bd7 24. Rab1 Rc8 25. Qd3 cxb4 26. Nxb4 Nc5 27. Qe3 Ncxe4 28. Bd4 h4 29. Kh2 Ng3 30. Rfc1 Rxc1 31. Rxc1 Nfe4 32. Bxg7 Kxg7 33. Bd3 Bf5 34. Nc6 Qd7 35. Nbd4 Re8 36. a5 e5 37. a6 exd4 38. Qxd4+ Kh7 39. a7 Ra8 40. Rb1 Nc5 41. Rb8 f6 42. Qxf6 Qg7 43. Qxg7+ Kxg7 44. Rxa8 Bxd3 45. Rb8 Nce4 46. a8=Q Nf6 47. Qb7+ Kh6 48. Rh8+ 1-0

[Event "December 19 Early 2023"]
[Site "https://www.chess.com"]
[Date "2023.12.19"]
[Round "5"]
[White "Aswath, S"]
[Black "Topalov, Aleksandar"]
[Result "1-0"]
[Board "123"]
[TimeControl "180+1"]
[WhiteFideId "46694919"]
[BlackFideId "925659"]
[WhiteElo "2138"]
[BlackElo "2151"]
[WhiteTeam "IND"]
[BlackTeam "SRB"]
[WhiteClock "0:00:14"]
[BlackClock "0:00:07"]

1. d4 Nf6 2. c4 c5 3. d5 d6 4. g3 g6 5. Bg2 Bg7 6. Nc3 O-O 7. Nf3 Na6 8. O-O Nc7 9. e4 Rb8 10. Qd3 a6 11. e5 Ng4 12. exd6 exd6 13. Bg5 f6 14. Bf4 Bf5 15. Qe2 Ne5 16. Rad1 b5 17. cxb5 axb5 18. Ne4 Bxe4 19. Qxe4 f5 20. Qe2 Nxf3+ 21. Bxf3 Qd7 22. Qd2 b4 23. Rfe1 Rfe8 24. h4 Nb5 25. h5 Nd4 26. Kg2 Be5 27. Rh1 Qe7 28. Rde1 Qf6 29. hxg6 hxg6 30. Bxe5 Rxe5 31. Rxe5 dxe5 32. Qh6 Qg7 33. Qg5 e4 34. Be2 Rf8 35. Bc4 Rf6 36. d6+ Kf8 37. Rh7 Nf3 38. d7 Qxd7 39. Qxf6+ Ke8 40. Rh8# 1-0

[Event "December 19 Early 2023"]
[Site "https://www.chess.com"]
[Date "2023.12.19"]
[Round "5"]
[White "Khodabandeh, Milad"]
[Black "Spata, German"]
[Result "1/2-1/2"]
[Board "124"]
[TimeControl "180+1"]
[WhiteFideId "12538620"]
[BlackFideId "113026"]
[WhiteElo "1846"]
[BlackElo "2260"]
[WhiteTeam "IRI"]
[BlackTeam "ARG"]
[WhiteClock "0:00:11"]
[BlackClock "0:00:06"]

1. e4 c5 2. Nf3 a6 3. d4 cxd4 4. Nxd4 e5 5. Nf3 Nf6 6. Bg5 h6 7. Bxf6 Qxf6 8. Bc4 Bc5 9. Nc3 Bb4 10. Qd3 O-O 11. a3 Bxc3+ 12. Qxc3 d6 13. O-O Nc6 14. h3 Be6 15. Rfd1 Rfd8 16. Bxe6 Qxe6 17. Rd5 Rac8 18. Qd3 Ne7 19. Ra5 Qc4 20. Qb3 Qxb3 21. cxb3 Rc2 22. Rd1 Nc6 23. Rad5 Rxb2 24. Nxe5 Nxe5 25. Rxe5 Rxb3 26. Re7 b5 27. e5 Kf8 28. Ra7 Rxa3 29. exd6 b4 30. Re1 Ra5 31. g4 Rd5 32. Ree7 R5xd6 33. Rxf7+ Kg8 34. Rxg7+ Kh8 35. Rh7+ Kg8 36. Rag7+ Kf8 37. Rf7+ Kg8 38. Rhg7+ Kh8 39. h4 b3 40. Rh7+ Kg8 41. Rfg7+ Kf8 42. Rf7+ Kg8 43. Rhg7+ Kh8 44. Rh7+ Kg8 1/2-1/2

[Event "December 19 Early 2023"]
[Site "https://www.chess.com"]
[Date "2023.12.19"]
[Round "5"]
[White "Bettalli, Francesco"]
[Black "Hoffmann, Asa"]
[Result "1-0"]
[Board "125"]
[TimeControl "180+1"]
[WhiteFideId "2816453"]
[BlackFideId "2001470"]
[WhiteElo "2226"]
[BlackElo "2117"]
[WhiteTeam "ITA"]
[BlackTeam "USA"]
[WhiteClock "0:00:04"]
[BlackClock "0:00:19"]

1. d4 Nf6 2. Nc3 d6 3. e4 c6 4. h3 Nbd7 5. g4 e5 6. Be3 Be7 7. Nge2 b5 8. Ng3 b4 9. Nce2 Nb6 10. b3 g6 11. Bg2 O-O 12. O-O Ba6 13. a3 bxa3 14. Rxa3 Bxe2 15. Qxe2 d5 16. dxe5 Bxa3 17. Nf5 gxf5 18. gxf5 Nxe4 19. Bh6 Kh8 20. Qh5 Rg8 21. Kh1 Qe7 22. Bf4 Bb2 23. f6 Qe6 24. Bf3 Rg6 25. Bg4 Rxg4 26. hxg4 Rg8 27. f3 Nc5 28. Kg2 Nbd7 29. Qxh7+ Kxh7 30. Rh1+ Kg6 31. Rh6# 1-0

[Event "December 19 Early 2023"]
[Site "https://www.chess.com"]
[Date "2023.12.19"]
[Round "5"]
[White "Kraus, Tomas"]
[Black "TitarovVasiliYouTube"]
[Result "1-0"]
[Board "126"]
[TimeControl "180+1"]
[WhiteFideId "331708"]
[WhiteElo "2371"]
[BlackElo "2580"]
[WhiteTeam "CZE"]
[WhiteClock "0:00:01"]
[BlackClock "0:00:00"]

1. e4 c5 2. Nc3 Nc6 3. f4 e6 4. Nf3 d6 5. Bb5 Bd7 6. O-O Nf6 7. d3 Be7 8. Qe2 O-O 9. e5 Ne8 10. Kh1 a6 11. Bxc6 Bxc6 12. d4 b5 13. Bd2 b4 14. Ne4 Bb5 15. Qe3 Bxf1 16. Rxf1 cxd4 17. Nxd4 Qb6 18. Qd3 dxe5 19. fxe5 Rd8 20. Be3 Qb7 21. Rf3 Qd5 22. Rh3 g6 23. c3 bxc3 24. Nxc3 Qxe5 25. Qc4 Bc5 26. Nc6 Qc7 27. Nxd8 Qxd8 28. Bh6 1-0

[Event "December 19 Early 2023"]
[Site "https://www.chess.com"]
[Date "2023.12.19"]
[Round "5"]
[White "Belov, Alexei"]
[Black "Santos, Rafael Ventura Dos"]
[Result "1-0"]
[Board "127"]
[TimeControl "180+1"]
[WhiteFideId "4128206"]
[BlackFideId "2122227"]
[WhiteElo "2576"]
[BlackElo "2138"]
[WhiteTeam "RUS"]
[BlackTeam "BRA"]
[WhiteClock "0:00:15"]
[BlackClock "0:00:12"]

1. e4 c5 2. Nf3 d6 3. d4 cxd4 4. Nxd4 Nf6 5. Nc3 a6 6. Be2 Nbd7 7. f4 g6 8. O-O Bg7 9. a4 O-O 10. Be3 Qc7 11. Bf3 e5 12. Nb3 exf4 13. Bxf4 Ne5 14. Kh1 Be6 15. Nd4 Rac8 16. h3 Rfe8 17. Be2 Qb6 18. Rb1 Qb4 19. Qd2 Nc4 20. Bxc4 Rxc4 21. Nxe6 Rxe6 22. Qd3 Nxe4 23. Nd5 Qc5 24. Be3 Qc6 25. b3 Rxc2 26. Rfc1 Rxc1+ 27. Rxc1 Qd7 28. Rc7 Qe8 29. Qc4 Nc5 30. b4 Re4 31. Qc1 Nd3 32. Qc2 Rxe3 33. Rc8 Re1+ 34. Kh2 Qxc8 35. Qxc8+ Bf8 36. Qc3 Rd1 37. Ne3 Rc1 38. Qxd3 Bg7 39. Qxd6 Rc8 40. Nd5 Re8 41. Nf6+ Bxf6 42. Qxf6 Re6 43. Qd8+ Kg7 44. Qd7 b6 45. Qb7 a5 46. bxa5 bxa5 47. Qb5 Re5 48. Qxe5+ 1-0

[Event "December 19 Early 2023"]
[Site "https://www.chess.com"]
[Date "2023.12.19"]
[Round "5"]
[White "Loutragotis, Dimitrios"]
[Black "Borawski, Jakub"]
[Result "0-1"]
[Board "128"]
[TimeControl "180+1"]
[WhiteFideId "4268458"]
[BlackFideId "1143000"]
[WhiteElo "2151"]
[BlackElo "2052"]
[WhiteTeam "GRE"]
[BlackTeam "POL"]
[WhiteClock "0:00:00"]
[BlackClock "0:00:24"]

1. e4 e5 2. Nf3 Nc6 3. Bc4 Bc5 4. c3 Nf6 5. d3 d6 6. Bb3 Bb6 7. Nbd2 Ne7 8. Nf1 Ng6 9. Ng3 Be6 10. O-O Qd7 11. d4 Bxb3 12. Qxb3 O-O-O 13. Bg5 h6 14. Bxf6 gxf6 15. Nf5 Nf4 16. g3 Rdg8 17. Rad1 Qe8 18. Kh1 Nh3 19. dxe5 fxe5 20. Qc2 Kb8 21. b4 Rg4 22. N3h4 Nxf2+ 23. Rxf2 Bxf2 24. Qxf2 Rxe4 25. Qf3 Qc6 26. Ne7 Qc4 27. Nd5 Re2 28. Nf5 Qxa2 29. Nfe3 Rxh2+ 30. Kg1 Rh3 31. Ng2 Rg8 32. Qxf7 Rhxg3 33. Qxc7+ Ka8 0-1

[Event "December 19 Early 2023"]
[Site "https://www.chess.com"]
[Date "2023.12.19"]
[Round "5"]
[White "Toman, Ondrej"]
[Black "Gruzman, Ilya"]
[Result "1-0"]
[Board "129"]
[TimeControl "180+1"]
[WhiteFideId "344516"]
[BlackFideId "2812703"]
[WhiteElo "2157"]
[BlackElo "1986"]
[WhiteTeam "CZE"]
[BlackTeam "ISR"]
[WhiteClock "0:00:16"]
[BlackClock "0:00:55"]

1. d4 Nf6 2. Bg5 d5 3. Nd2 c5 4. e3 Nc6 5. Bxf6 exf6 6. Ngf3 Be6 7. Be2 Bd6 8. dxc5 Bxc5 9. Nb3 Bd6 10. Nbd4 O-O 11. O-O a6 12. c3 Qc7 13. h3 Rad8 14. Bd3 Rfe8 15. Nh4 Ne5 16. Bc2 Ng6 17. Nhf5 Be5 18. Qf3 Bxf5 19. Nxf5 b5 20. Bb3 Qc5 21. Rad1 b4 22. cxb4 Qxb4 23. Rxd5 Bxb2 24. Rfd1 Rxd5 25. Qxd5 Rf8 26. h4 Nxh4 27. Nxh4 g6 28. Nf3 a5 29. Qc4 Qe7 30. Qb5 Bc3 31. Rd7 Qe4 32. Qc4 Qb1+ 33. Kh2 Qb2 34. Rxf7 Be5+ 35. Nxe5 Qxe5+ 36. g3 Qh5+ 37. Kg2 g5 38. Rxf6+ Kg7 39. Rxf8 Kxf8 40. Qg8+ Ke7 41. Qe6+ Kf8 42. Qf6+ Ke8 43. Ba4# 1-0

[Event "December 19 Early 2023"]
[Site "https://www.chess.com"]
[Date "2023.12.19"]
[Round "5"]
[White "Shaik Sumer Arsh"]
[Black "Kostiukov, Alexandr"]
[Result "1-0"]
[Board "130"]
[TimeControl "180+1"]
[WhiteFideId "45020000"]
[BlackFideId "14108100"]
[WhiteElo "2358"]
[BlackElo "2112"]
[WhiteTeam "IND"]
[BlackTeam "UKR"]
[WhiteClock "0:02:02"]
[BlackClock "0:00:00"]

1. d4 g6 2. c4 Bg7 3. Nf3 d6 4. Nc3 e5 5. e4 exd4 6. Nxd4 Nc6 7. Be3 Nge7 8. Be2 O-O 9. O-O f5 10. Nxc6 bxc6 11. Bd4 Bxd4 12. Qxd4 c5 13. Qd2 Be6 14. b3 f4 15. Bf3 Rb8 16. Nd5 Nc6 17. Nxf4 Qg5 18. g3 Nd4 19. Bg2 Rxf4 20. gxf4 Nf3+ 21. Kh1 Qxg2+ 22. Kxg2 Nxd2 23. Rfe1 Bg4 24. Re3 Rf8 25. Kg3 Bh5 26. Rae1 g5 27. f5 g4 28. Kh4 Be8 29. Kxg4 Bc6 30. f3 Rf7 31. Rd1 Rg7+ 32. Kf4 Rg2 33. h4 1-0

[Event "December 19 Early 2023"]
[Site "https://www.chess.com"]
[Date "2023.12.19"]
[Round "5"]
[White "Deng, Henry"]
[Black "Mesa Cruz, Juan Carlos"]
[Result "1-0"]
[Board "131"]
[TimeControl "180+1"]
[WhiteFideId "30965454"]
[BlackFideId "6423400"]
[WhiteElo "2561"]
[BlackElo "2142"]
[WhiteTeam "USA"]
[BlackTeam "DOM"]
[WhiteClock "0:01:31"]
[BlackClock "0:00:02"]

1. e4 c5 2. Nc3 a6 3. g3 b5 4. Bg2 Bb7 5. d3 d6 6. Nh3 e6 7. O-O Nd7 8. f4 Ne7 9. f5 exf5 10. exf5 Bxg2 11. Kxg2 Qc7 12. Qf3 Qc6 13. Qxc6 Nxc6 14. Nd5 O-O-O 15. Bf4 f6 16. c3 Ne7 17. Ne3 Ne5 18. d4 Nd3 19. b3 g5 20. fxg6 hxg6 21. Rad1 Nxf4+ 22. Nxf4 Bh6 23. Ned5 Nxd5 24. Nxd5 Rde8 25. Rxf6 Bg5 26. Rf2 Kb7 27. dxc5 dxc5 28. h4 Bd8 29. Nf4 g5 30. hxg5 Bxg5 31. Nd3 Rhg8 32. Nxc5+ Kc6 33. Nxa6 Be3 34. Re2 Kb6 35. Nb4 Bf4 36. Nd5+ Kc5 37. Nxf4 Rxe2+ 38. Nxe2 Ra8 39. Rd2 b4 40. cxb4+ Kxb4 41. g4 Kc5 42. Kg3 Rd8 43. Rxd8 1-0